 Dungeon Crawl Stone Soup version 0.27.0-66-gdc8fb28755 (webtiles) character file.

Game seed: 3851504108020948422

21 GreyFruit the Skirmisher (level 2, -3/25 HPs)
             Began as a Demonspawn Abyssal Knight on Aug 20, 2021.
             Was a Follower of Lugonu.
             Slain by Terence (7 damage)
             ... on level 2 of the Dungeon.
             The game lasted 00:02:30 (1162 turns).

GreyFruit the Skirmisher (DsAK)                     Turns: 1162, Time: 00:02:31

Health: -3/25      AC:  3    Str: 12    XL:     2   Next: 62%
Magic:  3/3        EV: 11    Int: 19    God:    Lugonu [*.....]
Gold:   37         SH:  0    Dex: 12    Spells: 1/1 levels left

rFire    . . .     SeeInvis .   d - +2 whip (flame)
rCold    . . .     Faith    .   (no shield)
rNeg     . . .     Spirit   .   b - +0 leather armour
rPois    .         Reflect  .   (no helmet)
rElec    .         Harm     .   (no cloak)
rCorr    .         Rampage  .   (no gloves)
Will     .....                  (no boots)
Stlth    +.........             (no amulet)
HPRegen  0.08/turn              e - +6 ring of intelligence
MPRegen  0.08/turn              (no ring)

@: no status effects
A: demonic magic 1
a: Renounce Religion, Depart the Abyss


You were on level 2 of the Dungeon.
You worshipped Lugonu.
Lugonu was aware of your devotion.
You visited 1 branch of the dungeon, and saw 2 of its levels.
You visited the Abyss 1 time.

You collected 37 gold pieces.

Inventory:

Hand Weapons
 a - a +1 spear
 d - a +2 whip of flaming (weapon)
Armour
 b - a +0 leather armour (worn)
Jewellery
 e - a +6 ring of intelligence (left hand)
Potions
 c - 3 potions of attraction {unknown}
 f - a potion of curing {unknown}
 g - a potion of cancellation {unknown}


   Skills:
 + Level 3.6 Fighting
 + Level 0.1 Maces & Flails
 - Level 1.9 Polearms
 + Level 1.9 Armour
 + Level 0.8 Dodging
 * Level 0.4 Spellcasting
 + Level 2.4 Invocations


You had one spell level left.
You didn't know any spells.
Your spell library contained the following spells:

 Spells                   Type           Power      Damage    Failure   Level
 Tukima's Dance           Hex            0%         N/A       58%         3
 Passage of Golubria      Tloc           N/A        N/A       94%         4
 Yara's Violent Unravell  Hex/Tmut       0%         3d3       100%        5


Dungeon Overview and Level Annotations

Branches:
Dungeon (2/15)

Altars:

Annotations:
D:2 Terence


Innate Abilities, Weirdness & Mutations

Spells you cast may paralyse adjacent enemies.


Message History

You climb downwards.
Level annotation: Terence
There is a stone staircase leading up here.
Terence shouts!
Terence is nearby!
A worm comes into view.
The jackal barks! x2
Terence misses you. The jackal closely misses you.
Found a scroll labelled WYULIHIANK.
You hit the jackal. You burn the jackal.
The jackal is moderately wounded.
Terence completely misses you.
The jackal bites you but does no damage.
Terence hits you from afar with a +0 trident!
You closely miss the jackal.
The jackal is moderately wounded.
The jackal bites you but does no damage.
The jackal closely misses you.
Terence hits you from afar with a +0 trident.
The jackal bites you but does no damage.
The jackal bites you.
There is a stone staircase leading up here.
You barely miss the jackal.
The jackal is lightly wounded.
The jackal barely misses you. The jackal bites you.
You whack the jackal! You burn the jackal.
You kill the jackal!
Lugonu accepts your kill. The jackal bites you.
You hit the jackal but do no damage.
The jackal bites you but does no damage.
Terence barely misses you.
You closely miss the jackal. The jackal misses you.
Terence hits you from afar with a +0 trident.
* * * LOW HITPOINT WARNING * * *
The jackal misses you. The jackal bites you.
* * * LOW HITPOINT WARNING * * *
Terence hits you from afar with a +0 trident!
You die...

##.#...#.#
.......#.# #
#.#....#.##.#.##
.......w........
..#.#..#.##.#..
#..#.# #..#@# #
#.)#h# ...
#..#@#
#....#..#####..
.......<.......
...#.#.#####.#.
# #.#. # #+


You could see Terence, a worm and a jackal.

Vanquished Creatures
  A goblin (D:2)
  3 hobgoblins (D:1)
  5 jackals
  3 kobolds (D:1)
  A quokka (D:1)
  A bat (D:1)
  4 rats (D:1)
18 creatures vanquished.

Notes
Turn   | Place    | Note
-------+----------+-------------------------------------------
     0 | Abyss:1  | GreyFruit the Demonspawn Abyssal Knight began the quest for
                  | the Orb.
     0 | Abyss:1  | Reached XP level 1. HP: 18/18 MP: 2/2
    16 | D:1      | Escaped the Abyss
   408 | D:1      | Gained mutation: Spells you cast may paralyse adjacent
                  | enemies. [demonic ancestry]
   408 | D:1      | Reached XP level 2. HP: 21/24 MP: 3/3
  1023 | D:1      | Found a faded altar of an unknown god.
  1109 | D:2      | Noticed Terence
  1162 | D:2      | Slain by Terence

Illustrated notes

Levels and vault maps discovered:
D:1:      heliophobic_arrival_ceremonial_halls, layout_rooms,
          ebering_ecumenical_altar_petrified, minmay_misc_feat_doors,
          grunt_decor_arrowhead
D:2:      layout_basic, uniq_terence

Action                   || total
-------------------------++-------
Melee: Spear             ||    24
       Whip              ||    48
Armor: Leather armour    ||    29
Dodge: Dodged            ||    54
